 Dungeon Crawl Stone Soup version 0.18-a0-373-gaf408bd (webtiles) character file.

37 4thArraOfDagon the Poker (level 3, -1/30 HPs)
             Began as a Merfolk Fighter on Nov 29, 2015.
             Slain by an ogre
             ... wielding a +0 giant club
              (14 damage)
             ... on level 6 of the Dungeon.
             The game lasted 00:02:59 (472 turns).

4thArraOfDagon the Poker (Merfolk Fighter)           Turns: 472, Time: 00:02:59

Health: -1/30      AC:  7    Str: 21    XL:     3   Next: 41%
Magic:  3/3        EV:  8    Int: 12    God:
Gold:   41         SH:  9    Dex: 14    Spells: 0 memorised, 2 levels left

rFire  . . .     SeeInvis .     a - +0 trident
rCold  . . .     Clarity  .     b - +0 scale mail
rNeg   . . .     SustAt   .     c - +0 shield
rPois  .         Gourm    .     (no helmet)
rElec  .         Spirit   .     (no cloak)
rCorr  .         Warding  .     (no gloves)
rMut   .         Stasis   .     l - +0 pair of boots
MR     .....                    (no amulet)
Stlth  ..........               (no ring)
                                (no ring)

@: mighty, brilliant, not resistant to hostile enchantments, extremely
unstealthy
A: change form in water, swift swim
a: no special abilities


You were on level 6 of the Dungeon.
You were not hungry.

You visited 1 branch of the dungeon, and saw 6 of its levels.

You collected 41 gold pieces.

Inventory:

Hand Weapons
 a - a +0 trident (weapon)
Armour
 b - a +0 scale mail (worn)
 c - a +0 shield (worn)
 l - a +0 pair of boots (worn)
Scrolls
 h - a scroll of noise {unknown}
 j - a scroll of enchant armour {unknown}
 m - a scroll of enchant weapon {unknown}
 p - a scroll of remove curse {unknown}
Potions
 f - 3 potions of heal wounds {unknown}
 i - a potion of lignification {unknown}
 k - a potion of poison {unknown}
 n - a potion of cure mutation {unknown}
Comestibles
 e - 2 bread rations
 o - a slice of pizza
 r - a beef jerky


   Skills:
 + Level 3.8 Fighting
 * Level 4.0 Polearms
 - Level 2.1 Armour
 + Level 2.0 Dodging
 - Level 3.0 Shields


You had 2 spell levels left.
You didn't know any spells.

Dungeon Overview and Level Annotations

Branches:
Dungeon (6/15)
 Temple: D:4-7

Altars:
Nemelex Xobeh

Annotations:
D:6 Duffy's ghost, novice FoHu


Message History

Read which item? (? for menu, Esc to quit)
As you read the scroll labeled IKKI MOHE MEM, it crumbles to dust.
You feel aware of your surroundings.
It was a scroll of magic mapping.
Unknown command.
Drink which item? (? for menu, Esc to quit)
It was a potion of brilliance.
You feel clever all of a sudden.
Attack whom?
Press: ? - help, Dir - move target cursor, f - ogre
Aim: an ogre, wielding a giant club You reach to attack!
You puncture the ogre!
The ogre is moderately wounded.
You puncture the ogre!
The ogre is severely wounded.
The ogre hits you with a giant club!
Ouch! That really hurt!
Your shield and scale mail prevent you from hitting the ogre.
The ogre is severely wounded.
The ogre hits you with a giant club!
You die...

**,* #...#,,,,,,*,,,,,, **,***
#...#,,,,,,*,,,,,, **,,,*
#...#,,,..,*,,,,,, ,,*,,*
#..?#,....,*,,,,,, ,,,,,**
####...#.....,*****,,
*,,,,,#######.#.......$..,*****,*
,,,,,,.........W.W.......,,,,,,,,
,,,,*+###......O###......,,,,,*,,
,,,,,,..........@#*......,,**,**,
,,,,,,.##........##......,,**,**,
>,,<,,,+.................,,,,,,,,
*,,,,,,#########.#.....##****,,,,
*,,,,,,* #<......# *,*,, ,,**,,,*
#.......# *,,,, ****,,,*
###.....#*******,, ,* *,,,*
*,......,,,*,**,, ,* *,,,*
**######**,*,,,,,


You could see an ogre and Duffy's ghost.

Vanquished Creatures
  An adder (D:3)
  A worm (D:2)
  A giant gecko (D:1)
  4 giant cockroaches
  4 goblins
  A jackal (D:1)
  7 bats
  2 giant newts (D:2)
  4 rats
25 creatures vanquished.

Notes
Turn   | Place    | Note
--------------------------------------------------------------
     0 | D:1      | 4thArraOfDagon the Merfolk Fighter began the quest for the Orb.
     0 | D:1      | Reached XP level 1. HP: 18/18 MP: 1/1
    83 | D:1      | Found a sparkling altar of Nemelex Xobeh.
    98 | D:1      | Reached skill level 1 in Dodging
    98 | D:1      | Reached XP level 2. HP: 22/24 MP: 2/2
   203 | D:2      | Reached skill level 4 in Polearms
   227 | D:2      | Reached XP level 3. HP: 19/29 MP: 3/3
   436 | D:5      | Entered Level 5 of the Dungeon
   462 | D:6      | Noticed an ogre
   464 | D:6      | Noticed Duffy's ghost (novice FoHu)
   472 | D:6      | Slain by an ogre

Vault maps used:
D:1:      erik_arrival_cave_to_civilisation, nemelex_diamond_rough_becter
D:2:      serial_bayou_pond_e
D:3:      first_bread, hangedman_decor_points
D:5:      minmay_door_square, uniq_pikel
D:6:      lemuel_flame_loot_1

Action                   || total
-------------------------++-------
Melee: Trident           ||    98
  Use: Potion            ||     2
       Scroll            ||     1
